 Dungeon Crawl Stone Soup version 0.19.1 (webtiles) character file.

31 pkoi the Ruffian (level 3, 0/27 HPs)
             Began as a Demonspawn Gladiator on Dec 1, 2016.
             Slain by a gnoll
             ... wielding a +0 spear
              (8 damage)
             ... on level 1 of the Dungeon.
             The game lasted 00:02:02 (1257 turns).

pkoi the Ruffian (Demonspawn Gladiator)             Turns: 1257, Time: 00:02:03

Health: 0/27       AC:  3    Str: 15    XL:     3   Next: 7%
Magic:  3/3        EV: 12    Int:  9    God:
Gold:   67         SH:  0    Dex: 14    Spells: 0 memorised, 2 levels left

rFire  . . .     SeeInvis .       - Unarmed
rCold  . . .     Gourm    .     a - +0 leather armour
rNeg   . . .     Faith    .     (no shield)
rPois  .         Spirit   .     (helmet restricted)
rElec  .         Reflect  .     (no cloak)
rCorr  .         Harm     .     (no gloves)
MR     .....                    (no boots)
Stlth  +.........               (no amulet)
                                (no ring)
                                (no ring)

@: no status effects
A: antennae 1, hooves 1
a: no special abilities


You were on level 1 of the Dungeon.
You were not hungry.

You visited 1 branch of the dungeon, and saw 2 of its levels.

You collected 67 gold pieces.

Inventory:

Missiles
 c - 3 throwing nets (quivered)
 i - 8 javelins of returning
Armour
 a - a +0 leather armour (worn)
 b - a +0 helmet
Jewellery
 j - a cursed ring of resist corrosion {unknown}
Wands
 n - a wand of random effects (36/48)
Scrolls
 e - a scroll of random uselessness {unknown}
 f - 5 scrolls of remove curse {unknown}
 m - a scroll of fear {unknown}
 o - a scroll of enchant armour {unknown}
Books
 l - a book of Changes

   Spells                             Type                      Level
   a - Beastly Appendage              Transmutation                1
   b - Sticks to Snakes               Transmutation                2
   c - Spider Form                    Transmutation/Poison         3
   d - Ice Form                       Ice/Transmutation            4
   e - Blade Hands                    Transmutation                5
Comestibles
 d - 2 bread rations
 g - a meat ration
 k - 2 chunks of flesh


   Skills:
 - Level 2.0 Fighting
 - Level 1.7 Throwing
 - Level 2.6 Dodging
 + Level 3.8 Unarmed Combat


You had 2 spell levels left.
You didn't know any spells.

Dungeon Overview and Level Annotations

Branches:
Dungeon (2/15)

Altars:
Gozag
Nemelex Xobeh
Xom


Innate Abilities, Weirdness & Mutations

You have a pair of small antennae on your head.
You have large cloven feet.


Message History

The gnoll closely misses you.
You hit the gnoll.
The gnoll is moderately wounded.
The gnoll hits you but does no damage.
You closely miss the gnoll.
The gnoll is moderately wounded.
The gnoll misses you. The gnoll barely misses you.
It was a potion of curing.
You feel better. The gnoll closely misses you. The gnoll barely misses you.
You closely miss the gnoll.
The gnoll is moderately wounded.
The gnoll hits you with a whip.
* * * LOW HITPOINT WARNING * * *
The gnoll misses you.
You hit the gnoll. You kick the gnoll, but do no damage.
The gnoll is heavily wounded.
The gnoll hits you with a whip.
* * * LOW HITPOINT WARNING * * *
The gnoll hits you with a spear!
You die...

#............ #..#######.##
###..#######.## #....##........
########## #....##.####.##
#........# #....##.####.##
#........## #....##.##.....
#......#..# ####....##.##.###.
#.......⌠.######@g...........# #.
#......#.......#g##....##.##.###.
######...#####.#.##....##.##.....
#####...# #.#.##....##.####.##
##...###.###.#.#####.##.####.##
##..#..#......#.# #.##........
##..###.....#..#.#####.#######.##
#[.#####....#..#.......#######.##
..###.#'#...#....................


You could see 2 gnolls.

Vanquished Creatures
  2 dart slugs (D:1)
  2 leopard geckos
  A ball python (D:1)
  5 bats
  A giant cockroach (D:1)
  5 goblins (D:1)
  A hobgoblin (D:1)
  3 kobolds
  A rat (D:1)
21 creatures vanquished.

Notes
Turn   | Place    | Note
-------+----------+-------------------------------------------
     0 | D:1      | pkoi the Demonspawn Gladiator began the quest for the Orb.
     0 | D:1      | Reached XP level 1. HP: 16/16 MP: 1/1
   122 | D:1      | Reached skill level 3 in Unarmed Combat
   265 | D:1      | Gained mutation: You have large cloven feet. [demonic ancestry]
   265 | D:1      | Reached XP level 2. HP: 19/22 MP: 2/2
   462 | D:1      | Found a sparkling altar of Nemelex Xobeh.
  1104 | D:2      | Gained mutation: You have a pair of small antennae on your head. [demonic ancestry]
  1104 | D:2      | Reached XP level 3. HP: 25/27 MP: 3/3
  1107 | D:2      | Found a shimmering altar of Xom.
  1161 | D:2      | Found an opulent altar of Gozag.
  1257 | D:1      | Slain by a gnoll

Skill      XL: |  1 |
---------------+----+-----
Unarmed Combat | 3 |  3.8
Fighting       | |  2.0
Throwing       | |  1.7
Dodging        | |  2.6

Action                   || total
-------------------------++-------
Melee: Unarmed           ||    87
       Kick              ||    17
  Use: Scroll            ||     2
       Potion            ||     1
  Eat: Chunk             ||     1
Armor: Leather armour    ||    20
Dodge: Dodged            ||    63
